 Dungeon Sprint DCSS version 0.30-a0-6-g7c9e10e132 (webtiles) character file.

Game seed: 1657199141742097466

305 NinjaNoafa the Grappler (level 6, -6/66 HPs)
             Began as a Troll Fighter on Aug 22, 2022.
             Was an Initiate of Wu Jian.
             Killed from afar by Sonja (9 damage)
             ... with a puff of flame
             ... in the Dungeon (Sprint I: "Red Sonja").
             The game lasted 00:01:57 (78 turns).

NinjaNoafa the Grappler (Troll Fighter)               Turns: 78, Time: 00:01:57

Health: -6/66      AC:  4    Str: 25    XL:     6   Next: 16%
Magic:  5/5        EV:  9    Int:  4    God:    Wu Jian [......]
Gold:   122        SH:  9    Dex: 11    Spells: 5/5 levels left

rFire   . . .      SeeInvis .      - Unarmed
rCold   . . .      Faith    .    b - +0 kite shield
rNeg    . . .      Spirit   .    a - +0 robe
rPois   .          Reflect  .    (helmet restricted)
rElec   .          Harm     .    (no cloak)
rCorr   .          Rampage  .    (gloves unavailable)
Will    .....      NoTele   +    (boots unavailable)
Stlth   +.........               (no amulet)
HPRegen 1.01/turn                (no ring)
MPRegen 0.09/turn                (no ring)

@: mighty, on berserk cooldown
A: large, unfitting armour, claws 3, regeneration 1, shaggy fur 1, tough skin 1
a: Renounce Religion


You were in the Dungeon.
You worshipped Wu Jian.
Wu Jian was noncommittal.
You visited 1 branch You collected 122 gold pieces.

Inventory:

Armour
 a - a +0 robe (worn)
 b - a +0 kite shield (worn)
Wands
 j - a wand of iceblast (12)
Potions
 f - a potion of haste
 g - 2 potions of magic


   Skills:
 - Level 5.0 Fighting
 + Level 3.6 Dodging
 - Level 7.0 Shields
 + Level 9.3 Unarmed Combat


You had 5 spell levels left.
You didn't know any spells.
Your spell library was empty.

Dungeon Overview and Level Annotations

Branches:
Dungeon (1/1)

Altars:
Sif Muna
Vehumet
Wu Jian

Annotations:
D Sonja


Innate Abilities, Weirdness & Mutations

You are too large for most types of armour.
You have claws for hands.
Your natural rate of healing is unusually fast.
You are covered in fur. (AC +1)
You have tough skin. (AC +1)


Message History

Sonja hits you with a +2 dagger of distortion.
Space warps around you.
Sonja hits you with a +2 dagger of distortion.
Space warps around you.
There is an open door here.
You feel very mighty all of a sudden.
Sonja zaps a wand.
The puff of flame hits you.
Sonja hits you with a +2 dagger of distortion.
Space warps horribly around you!
* * * LOW HITPOINT WARNING * * *
You block Sonja's attack.
Sonja hits you with a +2 dagger of distortion!
* * * LOW HITPOINT WARNING * * *
Space warps around you.
* * * LOW HITPOINT WARNING * * *
You feel much better.
Sonja hits you with a +2 dagger of distortion.
Sonja barely misses you. x2
You miss Sonja.
Sonja zaps a wand.
The puff of flame hits you.
* * * LOW HITPOINT WARNING * * *
You feel better.
Sonja hits you with a +2 dagger of distortion.
Space warps around you.
* * * LOW HITPOINT WARNING * * *
Sonja closely misses you.
Sonja hits you with a +2 dagger of distortion.
* * * LOW HITPOINT WARNING * * *
Space warps around you.
* * * LOW HITPOINT WARNING * * *
Sonja barely misses you.
Sonja hits you with a +2 dagger of distortion.
* * * LOW HITPOINT WARNING * * *
Space warps around you.
* * * LOW HITPOINT WARNING * * *
You block Sonja's attack.
Blink to where?
Press: ? - help, Dir - move target
As you read the scroll of blinking, it crumbles to dust.
Sonja zaps a wand.
The puff of flame hits you!
You die...

################
#<.#..').#.)'..#
#..').#..'..#..+
#..#####+#####@#
## #..# #)#
##!§# #..#
##.#§~§§c# #..#
#+#_.'§§§§§+
#⌠⌠#
+..._#~~~§c#
#### #_.#+# +###
##§# #K# $.$


You could see Sonja.

Vanquished Creatures
  Sigmund (D)
  An ogre (D)
  A jelly (D)
  Ijyb (D)
4 creatures vanquished.

Notes
Turn   | Place    | Note
-------+----------+-------------------------------------------
     0 | D        | NinjaNoafa the Troll Fighter began the quest for the Orb.
     0 | D        | Reached XP level 1. HP: 22/22 MP: 0/0
     1 | D        | Noticed Ijyb
     4 | D        | Killed Ijyb
     5 | D        | Reached skill level 5 in Shields
     5 | D        | Reached skill level 3 in Unarmed Combat
     5 | D        | Reached XP level 2. HP: 29/29 MP: 1/1
     8 | D        | Noticed an ogre
    15 | D        | Killed an ogre
    16 | D        | Reached skill level 6 in Unarmed Combat
    16 | D        | Reached XP level 3. HP: 22/36 MP: 2/2
    16 | D        | Reached XP level 4. HP: 27/44 MP: 3/3
    36 | D        | Noticed Sigmund
    41 | D        | Killed Sigmund
    42 | D        | Reached skill level 5 in Fighting
    42 | D        | Reached skill level 9 in Unarmed Combat
    42 | D        | Reached XP level 5. HP: 57/57 MP: 4/4
    42 | D        | Reached XP level 6. HP: 66/66 MP: 5/5
    54 | D        | Found an ornate altar of the Wu Jian Council.
    54 | D        | Found a shimmering blue altar of Sif Muna.
    56 | D        | Found a radiant altar of Vehumet.
    66 | D        | Became a worshipper of the Wu Jian Council
    68 | D        | Noticed a centaur warrior
    68 | D        | Noticed a centaur warrior
    71 | D        | Noticed Sonja
    77 | D        | HP: 2/66 [Sonja/+2 dagger of distortion (4)]
    78 | D        | Killed from afar by Sonja

Illustrated notes

Levels and vault maps discovered:
D:        dungeon_sprint_1 [red_sonja_temple_1, red_sonja_temple_small_1]

Skill      XL: |  1  2  3  4  5  6 |
---------------+-------------------+-----
Shields        | 5 7 |  7.0
Unarmed Combat | 3 6 9 |  9.3
Fighting       | 5 |  5.0
Dodging        | 3 |  3.6

Action                   |  1- 3 |  4- 6 || total
-------------------------+-------+-------++-------
Melee: Unarmed           |     8 |     7 ||    15
Invok: Lunge             |       |     1 ||     1
  Use: Potion            |       |     4 ||     4
       Scroll            |       |     1 ||     1
Armor: Robe              |       |     4 ||     4
Dodge: Dodged            |     1 |     6 ||     7
Block: Kite shield       |     3 |     2 ||     5

Table legend: (Time is in decaauts)
 A = Elapsed time spent in this place.
 B = Non-inter-level travel time spent in this place.
 C = Inter-level travel time spent in this place.
 D = Time resting spent in this place.
 E = Time spent auto-exploring this place.
 F = Levels seen in this place.
 G = Mean time per level.
                   A        B        C        D        E       F      G
               +--------+--------+--------+--------+--------+-----+--------+
         Total |     87 |     87 |      0 |      0 |     36 |   1 |   87.0 |
       Dungeon |     87 |     87 |      0 |      0 |     36 |   1 |   87.0 |
               +--------+--------+--------+--------+--------+-----+--------+

Top non-repeatable levels by time:
       D: 87 daAuts
